 Dungeon Crawl Stone Soup version 0.28-a0-461-g2dc4ca5097 (webtiles) character file.

Game seed: 13248850892811085953

13463 heikuro the Carver (level 12, -1/86 HPs)
             Began as a Formicid Fighter on Sept 13, 2021.
             Was a Priest of Hepliaklqana.
             Slain by a fire elemental (13 damage)
             ... led by Azrael
             ... on level 12 of the Dungeon.
             The game lasted 00:27:33 (15425 turns).

heikuro the Carver (Formicid Fighter)              Turns: 15425, Time: 00:27:33

Health: -1/86      AC: 20    Str: 30    XL:     12   Next: 33%
Magic:  17/18      EV:  8    Int:  8    God:    Hepliaklqana [***...]
Gold:   653        SH: 10    Dex: 12    Spells: 11/11 levels left

rFire   . . .      SeeInvis +   w - +2 short sword (venom)
rCold   . . .      Faith    .   D - +0 kite shield
rNeg    . . .      Spirit   .   l - +0 plate armour
rPois   .          Reflect  .   (helmet unavailable)
rElec   .          Harm     .   t - +1 cloak {Stlth+}
rCorr   .          Rampage  .   (no gloves)
Will    +....                   (no boots)
Stlth   ..........              r - amulet of magic regeneration
HPRegen 0.24/turn               O - +4 ring of protection
MPRegen 0.41/turn               u - +6 ring of strength

@: on fire, glowing
A: reduced essence, permanent stasis, dig shafts and tunnels, antennae 3, four
strong arms
a: Dig, Shaft Self, Renounce Religion, Recall Ancestor, Ancestor Identity,
Transference


You were on level 12 of the Dungeon.
You worshipped Hepliaklqana.
Hepliaklqana was most pleased with you.
You visited 2 branches of the dungeon, and saw 13 of its levels.

You collected 653 gold pieces.

Inventory:

Hand Weapons
 a - a +0 long sword
 w - a +2 short sword of venom (weapon)
 A - a +2 scimitar of freezing
Missiles
 B - 4 throwing nets
 L - 2 curare-tipped darts (quivered)
 M - 31 poisoned darts
Armour
 l - a +0 plate armour (worn)
 t - a +1 cloak of stealth (worn)
 D - a +0 kite shield (worn)
Jewellery
 b - a ring of protection from fire
 r - an amulet of magic regeneration (around neck)
 u - a +6 ring of strength (right hand)
 E - a ring of poison resistance
 K - a ring of willpower
 O - a +4 ring of protection (left hand)
 P - a ring of resist corrosion
Wands
 v - a wand of iceblast (14)
 y - a wand of flame (43)
 z - a wand of acid (12)
 C - a wand of digging (3)
Scrolls
 e - a scroll of fear {unknown}
 k - 8 scrolls of teleportation {unknown}
 o - a scroll of summoning {unknown}
 p - 2 scrolls of brand weapon {unknown}
 q - a scroll of torment {unknown}
 s - 4 scrolls of amnesia {unknown}
 x - 3 scrolls of enchant weapon {unknown}
 F - 3 scrolls of immolation {unknown}
 H - a scroll of blinking {unknown}
 J - a scroll of enchant armour {unknown}
 N - a scroll of identify
Potions
 c - 2 potions of flight
 d - 2 potions of might
 f - a potion of invisibility {unknown}
 g - 9 potions of curing
 h - a potion of mutation {unknown}
 i - 2 potions of resistance
 m - 4 potions of heal wounds
 n - 3 potions of berserk rage {unknown}
 G - 2 potions of lignification {unknown}
 I - 8 potions of ambrosia


   Skills:
 + Level 9.5 Fighting
 * Level 11.5 Long Blades
 + Level 9.5 Armour
 - Level 9.0 Shields
 + Level 9.1 Invocations


You had 11 spell levels left.
You didn't know any spells.
Your spell library contained the following spells:

 Spells                   Type           Power      Damage    Failure   Level
 Animate Skeleton         Necr           0%         N/A       97%         1
 Apportation              Tloc           0%         N/A       97%         1
 Pain                     Necr           0%         1d4       97%         1
 Summon Small Mammal      Summ           0%         N/A       97%         1
 Ensorcelled Hibernation  Hex/Ice        0%         N/A       99%         2
 Passwall                 Tmut/Erth      0%         N/A       99%         2
 Slow                     Hex            0%         N/A       99%         2
 Confusing Touch          Hex            0%         N/A       100%        3
 Portal Projectile        Hex/Tloc       0%         N/A       100%        3
 Spider Form              Tmut/Pois      0%         N/A       100%        3
 Tukima's Dance           Hex            0%         N/A       100%        3
 Vampiric Draining        Necr           0%         2d6       100%        3
 Passage of Golubria      Tloc           N/A        N/A       100%        4
 Blade Hands              Tmut           0%         N/A       100%        5
 Excruciating Wounds      Necr           0%         N/A       100%        5
 Yara's Violent Unravell  Hex/Tmut       0%         3d3       100%        5
 Invisibility             Hex            0%         N/A       100%        6
 Swiftness                Air            Unusable   N/A       N/A         3

Dungeon Overview and Level Annotations

Branches:
Dungeon (12/15)            Temple (1/1) D:4            Lair (0/6) D:8
    Orc (0/2) D:12

Altars:
Ashenzari
Cheibriados
Dithmenos
Elyvilon
Fedhas
Gozag
Hepliaklqana
Kikubaaqudgha
Makhleb
Nemelex Xobeh
Okawaru
Qazlal
Ru
Sif Muna
Trog
Uskayaw
Vehumet
Wu Jian
Xom
Yredelemnul
Zin
The Shining One

Shops:
D:8 [   D:11 (

Annotations:
D:11 2 transporters, Demosthentine's ghost, journeyman MfGl
D:12 Azrael


Innate Abilities, Weirdness & Mutations

Your life essence is reduced to manifest your ancestor. (-10% HP)
You cannot be hasted, slowed, berserked, paralysed or teleported.
You can dig through walls and to a lower floor.
You have a pair of large antennae on your head. (SInv)
Your four strong arms can wield two-handed weapons with a shield.


Message History

A fire elemental comes into view.
You block Azrael's attack.
Hesiku is recalled.
Azrael gestures at you.
The sphere of damnation explodes!
The damnation engulfs you!
The damnation engulfs Azrael.
Azrael completely resists.
The damnation engulfs Hesiku!
Unknown command.
You hit Azrael.
Azrael is lightly wounded.
A fire elemental comes into view.
Hesiku hits Azrael with a +0 dagger of draining.
Azrael says, "You child of a rabid dog!
Grandchild of a stinking jackal!
Great-grandchild of a plucked vulture!"
Azrael gestures at you.
The fireball explodes!
The fireball engulfs you!
* * * LOW HITPOINT WARNING * * *
The fireball engulfs the fire elemental.
The fire elemental completely resists.
The fireball engulfs Azrael.
Azrael completely resists.
The fireball engulfs Hesiku.
Hesiku resists.
You hear a bark!
You hit Azrael.
Azrael is lightly wounded.
You block the fire elemental's attack.
The hell hound bites the fire elemental!
The hell hound barely misses itself.
Unknown command.
You hit Azrael but do no damage.
Azrael is lightly wounded.
The fire elemental hits you. The fire elemental burns you!
* * * LOW HITPOINT WARNING * * *
Hesiku hits Azrael but does no damage.
Azrael gestures at you.
The sticky flame hits you but does no damage.
You are covered in liquid flames!
You are covered in liquid flames!
* * * LOW HITPOINT WARNING * * *
Hesiku hits Azrael but does no damage.
The fire elemental hits you. The fire elemental burns you!
You die...

*,*,,,,,*,,,,,,,,,,,,,,,,,,,**
*,*,,,,,*,,,,,,,,,,,,,,,,,,,,,
*,*****+*,,,,,,,,,,,,,,,,,,,,,
*,,,,,,,,,,,,*+####,,,,,,,,,,,
*,,,,,,,,,,,,*....#,,,,,,,,,,,
****,,,,,,,,,,,,*....#,,,,,,,,,,,
*,,,,,,,,,,,,,,,*....###*********
*,,,,,,,,####+###.......,,,,,,,,,
*,,,,,,,,#.....R@.......,,,,,,,,,
*,,,,,,,,#....○E........,,,,,,,,,
*,,,,,,,,##..EhR$.......,******+*
*,,,,,,,,,#.☼○#########.,*,,,,,,,
,,,,,,,,,,#..○* *,,*,,,,,,,
,,,,,,,,,,###○* *,,*,,,,,,,
,,,,,,,,,,* *{* *,,********
,,,,,,,,,** *{*********,,,,,,,,,,
,,,,∩,,,*****,,,,,,,,,,,,*****+*,


You could see the friendly Hesiku the hexer, Azrael (ally target), 2 fire
elementals and a hell hound (confused).

Vanquished Creatures
  A two-headed ogre (D:11)
  Pikel (D:6)
  2 centaur zombies
  A queen bee (D:9)
  3 trolls
  9 yaks
  7 vampire mosquitoes
  An acid dragon (D:10)
  A water moccasin (D:7)
  An orc warrior (D:9)
  2 sky beasts
  An ice beast (D:5)
  A necrophage (D:6)
  A black bear (D:5)
  2 wolves
  2 centaurs (D:11)
  A lemure (D:6)
  2 kobold brigands (D:9)
  A gnoll sergeant (D:6)
  4 scorpions
  7 wights
  23 killer bees (D:9)
  An electric eel (D:8)
  5 hounds
  A jelly (D:7)
  Crazy Yiuf (D:4)
  A gnoll shaman (D:7)
  6 orc priests
  A bullfrog skeleton (D:5)
  8 orc wizards
  2 iguanas
  2 killer bee zombies
  Robin (D:3)
  9 gnolls
  A howler monkey skeleton (D:7)
  4 adders
  An ufetubus (D:3)
  A dart slug (D:5)
  20 orcs
  7 endoplasms
  3 giant cockroaches
  17 goblins
  16 hobgoblins
  9 jackals
  4 quokkas
  6 ball pythons
  6 bats
  5 frilled lizards
  5 kobolds
  8 rats
225 creatures vanquished.

Vanquished Creatures (collateral kills)
  Harold (D:7)
  A cyclops (D:11)
  A kobold demonologist (D:9)
  An unseen horror (D:10)
  2 trolls
  3 shadows
  A yak (D:9)
  2 vampire mosquitoes
  Grum (D:11)
  2 acid dragons
  An orc warrior (D:7)
  An ogre (D:5)
  2 centaurs
  3 wolves
  A lemure (D:6)
  A bullfrog (D:6)
  9 killer bees (D:9)
  An electric eel (D:8)
  3 wights
  A howler monkey (D:8)
  A centaur zombie (D:10)
  4 hounds
  A jelly (D:6)
  2 centaur skeletons
  An iguana (D:7)
  An orc wizard (D:10)
  3 gnolls
  A white imp (D:6)
  3 orcs
55 creatures vanquished.

Vanquished Creatures (others)
  8 hexers
  An orc wizard (D:5)
  An ancestor (D:6)
  18 plants (D:11)
28 creatures vanquished.

Grand Total: 308 creatures vanquished

Notes
Turn   | Place    | Note
-------+----------+-------------------------------------------
     0 | D:1      | heikuro the Formicid Fighter began the quest for the Orb.
     0 | D:1      | Reached XP level 1. HP: 18/18 MP: 1/1
   222 | D:1      | Reached XP level 2. HP: 23/24 MP: 2/2
   707 | D:1      | Reached XP level 3. HP: 27/29 MP: 3/3
  1080 | D:1      | Found a faded altar of an unknown god.
  1364 | D:1      | Reached skill level 3 in Long Blades
  1675 | D:2      | Found a bloodstained altar of Trog.
  1682 | D:2      | Reached XP level 4. HP: 37/37 MP: 4/4
  2406 | D:2      | Reached XP level 5. HP: 42/42 MP: 5/5
  2863 | D:3      | Noticed Robin
  2920 | D:3      | Reached skill level 4 in Long Blades
  2935 | D:3      | Killed Robin
  3795 | D:4      | Found a staircase to the Ecumenical Temple.
  3825 | Temple   | Entered the Ecumenical Temple
  3992 | Temple   | Became a worshipper of Hepliaklqana the Forgotten
  4130 | D:4      | Reached XP level 6. HP: 38/49 MP: 6/6
  4292 | D:4      | Reached skill level 1 in Invocations
  4708 | D:4      | Noticed a sky beast
  4732 | D:4      | Killed a sky beast
  4733 | D:4      | Reached skill level 5 in Long Blades
  4733 | D:4      | Reached XP level 7. HP: 33/55 MP: 6/8
  5299 | D:4      | Reached skill level 5 in Armour
  5360 | D:4      | Found a runed translucent door.
  5361 | D:4      | Noticed Crazy Yiuf
  5498 | D:5      | Entered Level 5 of the Dungeon
  5503 | D:4      | Reached skill level 5 in Fighting
  5845 | D:5      | Reached XP level 8. HP: 62/62 MP: 10/10
  5976 | D:5      | Reached skill level 6 in Long Blades
  6224 | D:5      | Reached * piety under Hepliaklqana
  6790 | D:4      | Killed Crazy Yiuf
  7083 | D:6      | Reached skill level 7 in Long Blades
  7120 | D:6      | Reached XP level 9. HP: 37/62 MP: 12/12
  7883 | D:6      | Noticed Pikel
  7895 | D:6      | Killed Pikel
  7896 | D:6      | Reached skill level 8 in Long Blades
  7896 | D:6      | Reached skill level 5 in Invocations
  7994 | D:6      | Reached ** piety under Hepliaklqana
  7995 | D:6      | Remembered your ancestor Hesiku as a hexer
  8149 | D:7      | Noticed Harold
  8159 | D:7      | Killed Harold
  8160 | D:7      | Reached XP level 10. HP: 42/71 MP: 14/14
  8890 | D:7      | Reached skill level 9 in Long Blades
  9353 | D:8      | Found a staircase to the Lair.
  9487 | D:8      | Found Poer Icsu's Armour Boutique.
  9911 | D:8      | Reached skill level 5 in Shields
 10353 | D:8      | Found a radiant altar of Vehumet.
 11243 | D:9      | Reached XP level 11. HP: 49/77 MP: 16/16
 11434 | D:9      | Reached skill level 10 in Long Blades
 11616 | D:9      | Identified the +6 spear "Orb Guardian's Peril" {venom,
                  | *Rage rN+ Will+}
 12036 | D:9      | Reached *** piety under Hepliaklqana
 12505 | D:10     | Entered Level 10 of the Dungeon
 13934 | D:11     | Noticed a cyclops
 13945 | D:11     | Killed a cyclops
 14122 | D:10     | Reached skill level 11 in Long Blades
 14122 | D:10     | Reached XP level 12. HP: 83/85 MP: 18/18
 14305 | D:11     | Noticed Grum
 14585 | D:11     | Killed Grum
 14655 | D:11     | Found Norrab's Weapon Boutique.
 14732 | D:11     | Noticed a two-headed ogre
 14733 | D:11     | Noticed Demosthentine's ghost (journeyman MfGl)
 14734 | D:11     | Noticed a two-headed ogre
 14736 | D:11     | Found a transporter.
 14736 | D:11     | Found a transporter.
 14736 | D:11     | Identified the +11 dire flail "Ruer" {spect, *Slow rPois
                  | rN+ Will+++}
 14736 | D:11     | Noticed a two-headed ogre
 14799 | D:11     | Found an ornate altar of the Wu Jian Council.
 14812 | D:11     | Noticed a two-headed ogre
 14827 | D:11     | Killed a two-headed ogre
 15408 | D:12     | Noticed Azrael
 15425 | D:12     | Slain by a fire elemental

Illustrated notes

Levels and vault maps discovered:
D:1:      eino_arrival_druids_welcome, layout_basic,
          dilly_ecumenical_altar_fadedgnrine, hangedman_decor_riveting,
          minmay_tetromino_s4
D:2:      layout_basic, basic_altar, minmay_indecisive_spiral
D:3:      layout_basic, uniq_robin
D:4:      layout_basic, minmay_temple_entry_slanted, minmay_misc_feat_iff,
          uniq_crazy_yiuf_cottage
D:5:      layout_loops_cross
D:6:      layout_basic, uniq_pikel
D:7:      layout_basic, minmay_misc_feat_roman, minmay_misc_feat_rugged,
          interstate_on_off, uniq_harold
D:8:      layout_loops_ring, lemuel_round_altar, erik_lair_island, serial_shops,
          nicolae_shop_stone, nrook_uturn, roderic_serpentine_path
D:9:      layout_basic, special_room [special_room_bee], minivault_1,
          st_stairs_1
D:10:     layout_irregular_city, serial_column_ruins, column_ruins_grid_1,
          column_ruins_corridor_straight, column_ruins_open_medium_water,
          column_ruins_columns_straight, column_ruins_corridor_dead_end,
          column_ruins_grid_1, column_ruins_grid_2
D:11:     layout_rooms, serial_shops, shop, gammafunk_ghost_smash,
          wad_woods_river_04, nicolae_wu_jian_wuxing_cycle, uniq_grum
D:12:     layout_irregular_city, david_orc_2, gauntlet_entry_generic,
          hangedman_abyss_or_decor_jellyfish_corner, nicolae_uskayaw_en_pointe,
          uniq_azrael, uniq_nessos, uniq_rupert, uniq_maurice
Temple:   kilobyte_greek_temple

Skill      XL: |  1  2  3  4  5  6  7  8  9 10 11 12 |
---------------+-------------------------------------+-----
Long Blades    | 3 4 5 7 8 9 11 | 11.5
Armour         | 4 5 6 7 8 9 |  9.5
Fighting       | 4 5 6 7 8 9 |  9.5
Invocations    | 1 3 4 6 7 8 9 |  9.1
Shields        | 6 8 9 |  9.0

Action                   |  1- 3 |  4- 6 |  7- 9 | 10-12 || total
-------------------------+-------+-------+-------+-------++-------
Melee: Long sword        |   103 |   188 |    90 |   149 ||   530
       Whip              |       |     8 |    26 |       ||    34
       Short sword       |       |       |   118 |   516 ||   634
Invok: Ancestor Identity |       |       |     1 |       ||     1
       Ancestor Life: He |       |       |     1 |       ||     1
       Recall Ancestor   |       |       |       |     7 ||     7
 Abil: Dig               |       |     3 |     4 |    11 ||    18
Evoke: Wand              |       |       |       |     3 ||     3
  Use: Scroll            |       |       |     4 |     4 ||     8
 Stab: Distracted        |       |       |     1 |     6 ||     7
       Confused          |       |       |       |     8 ||     8
Armor: Scale mail        |    80 |       |       |       ||    80
       Plate armour      |       |   128 |   118 |   334 ||   580
Dodge: Dodged            |    79 |    44 |    78 |   191 ||   392
Block: Buckler           |    46 |    53 |    49 |     2 ||   150
       Kite shield       |       |       |       |   304 ||   304

Table legend: (Time is in decaauts)
 A = Elapsed time spent in this place.
 B = Non-inter-level travel time spent in this place.
 C = Inter-level travel time spent in this place.
 D = Time resting spent in this place.
 E = Time spent auto-exploring this place.
 F = Levels seen in this place.
 G = Mean time per level.
                   A        B        C        D        E       F      G
               +--------+--------+--------+--------+--------+-----+--------+
         Total |  15450 |  14818 |    632 |   4057 |   7211 |  13 | 1188.5 |
       Dungeon |  15244 |  14649 |    595 |   4057 |   7057 |  12 | 1270.3 |
        Temple |    205 |    168 |     37 |      0 |    154 |   1 |  205.0 |
               +--------+--------+--------+--------+--------+-----+--------+

Top non-repeatable levels by time:
     D:9: 1932 daAuts
    D:10: 1693 daAuts
     D:4: 1639 daAuts
     D:6: 1542 daAuts
     D:3: 1392 daAuts
     D:1: 1373 daAuts
     D:2: 1237 daAuts
     D:8: 1235 daAuts
     D:5: 1212 daAuts
    D:11: 1165 daAuts
     D:7: 801 daAuts
  Temple: 205 daAuts
    D:12: 18 daAuts
